 Dungeon Crawl Stone Soup version 0.24.0-13-gcf9b319 (webtiles) character file.

Game seed: 5747319114354797516, levelgen mode: deterministic

342 Fang the Skirmisher (level 6, -2/40 HPs)
             Began as a Gargoyle Berserker on Nov 21, 2019.
             Was a Priest of Trog.
             Slain by a gnoll
             ... wielding a +0 spear
              (3 damage)
             ... on level 4 of the Dungeon.
             The game lasted 00:04:10 (3298 turns).

Fang the Skirmisher (Gargoyle Berserker)            Turns: 3298, Time: 00:04:10

Health: -2/40      AC: 13    Str: 23    XL:     6   Next: 57%
Magic:  6/6        EV:  9    Int:  7    God:    Trog [***...]
Gold:   192        SH:  0    Dex:  9    Spells: 5/5 levels left

rFire    . . .     SeeInvis .   a - +0 hand axe
rCold    . . .     Gourm    .   (no shield)
rNeg     + . .     Faith    .   b - +0 chain mail
rPois    ∞         Spirit   .   (no helmet)
rElec    +         Reflect  .   (no cloak)
rCorr    .         Harm     .   (no gloves)
MR       .....                  (no boots)
Stlth    ..........             (no amulet)
HPRegen  0.13/turn              (no ring)
MPRegen  0.10/turn              (no ring)

@: berserk cooldown, slowed, very slow
A: negative energy resistance 1, electricity resistance, unbreathing,
petrification resistance, rot immunity, AC +4
a: Berserk, Trog's Hand, Renounce Religion


You were on level 4 of the Dungeon.
You worshipped Trog.
Trog was most pleased with you.
You were hungry.

You visited 1 branch of the dungeon, and saw 4 of its levels.

You collected 192 gold pieces.

Inventory:

Hand Weapons
 a - a +0 hand axe (weapon)
Armour
 b - a +0 chain mail (worn)
Scrolls
 d - a scroll of amnesia {unknown}
 j - a scroll of enchant armour {unknown}
 k - a scroll of immolation {unknown}
 l - 3 scrolls of fear {unknown}
 m - 3 scrolls of identify {unknown}
 n - 2 scrolls of remove curse {unknown}
 o - 2 scrolls of teleportation {unknown}
 p - a scroll of enchant weapon {unknown}
Potions
 e - 2 potions of flight {unknown}
 g - 4 potions of curing {unknown}
 h - 3 potions of berserk rage {unknown}
 i - 2 potions of heal wounds {unknown}
 q - a potion of agility {unknown}
 r - a potion of mutation {unknown}
 s - a potion of cancellation {unknown}
Comestibles
 c - 8 rations
 f - 4 chunks of flesh


   Skills:
 + Level 4.8 Fighting
 + Level 4.0 Axes
 + Level 4.1 Armour
 + Level 3.0 Dodging


You had 5 spell levels left.
You didn't know any spells.
Your spell library was empty.

Dungeon Overview and Level Annotations

Branches:
Dungeon (4/15)
 Temple: D:4-7

Altars:
Nemelex Xobeh
Okawaru
Zin

Shops:
D:4 *


Innate Abilities, Weirdness & Mutations

You are resistant to torment.
Your stone body is resilient. (AC +4)
You are immune to poison.
You resist negative energy. (rN+)
You are resistant to electric shocks. (rElec)
You can survive without breathing.
You are immune to petrification.
You are immune to rotting.


Message History

The gnoll hits you but does no damage. The gnoll hits you with a +0 spear.
* * * LOW HITPOINT WARNING * * *
You hear a shout! x4; You hear an angry hiss.
You barely miss the gnoll. You closely miss the gnoll.
The gnoll barely misses you. The gnoll hits you with a +0 spear.
* * * LOW HITPOINT WARNING * * *
The howler monkey hoots and howls with incredible vigour!
You hear a shout!
You hit the gnoll but do no damage. You hit the gnoll.
The gnoll hits you but does no damage. The gnoll closely misses you.
The gnoll hits you but does no damage. x2
You closely miss the gnoll. You hit the gnoll but do no damage.
The gnoll hits you but does no damage. x2
You hit the gnoll.
The gnoll is moderately wounded.
You closely miss the gnoll. The gnoll completely misses you.
The gnoll barely misses you.
The quokka twitches its whiskers.
The gnoll barely misses you. The gnoll hits you with a +0 spear.
You die...

#... #.. ....... #..
#####.. ... ...#..##r#
.#.# #.#...#a#
...#|#.....#g#
.#.#.#.#...#@#
..#.....#..)#g######.
#..#######.h.sh.......
#.#.......####.##.....
#.........####.# ###.
#......#......##
#................#
###.....##...##.#.# #
#⌠_..∩..##..## #


You could see a scorpion, a howler monkey, a worker ant, 2 gnolls and a quokka.

Vanquished Creatures
  An orc priest (D:4)
  A bullfrog skeleton (D:4)
  A gnoll shaman (D:4)
  Terence (D:3)
  6 adders
  8 gnolls
  7 worms
  4 leopard geckos
  3 orcs (D:4)
  5 bats
  2 giant cockroaches
  7 goblins
  7 hobgoblins
  4 jackals (D:2)
  A quokka (D:3)
  4 frilled lizards
  A jackal skeleton (D:3)
  12 kobolds
  6 rats
81 creatures vanquished.

Notes
Turn   | Place    | Note
-------+----------+-------------------------------------------
     0 | D:1      | Fang the Gargoyle Berserker began the quest for the Orb.
     0 | D:1      | Reached XP level 1. HP: 14/14 MP: 1/1
    91 | D:1      | Reached XP level 2. HP: 19/19 MP: 2/2
   576 | D:1      | Found a sparkling altar of Nemelex Xobeh.
   851 | D:2      | Reached XP level 3. HP: 18/23 MP: 3/3
  1404 | D:2      | Reached XP level 4. HP: 29/29 MP: 4/4
  1436 | D:2      | Reached ** piety under Trog
  1817 | D:2      | Found an iron altar of Okawaru.
  1835 | D:2      | Reached XP level 5. HP: 27/33 MP: 5/5
  2370 | D:3      | Noticed Terence
  2388 | D:3      | Killed Terence
  3099 | D:3      | Reached XP level 6. HP: 39/39 MP: 6/6
  3250 | D:4      | Found Zin's Purification Station.
  3250 | D:4      | Found a glowing silver altar of Zin.
  3288 | D:4      | Reached *** piety under Trog
  3295 | D:4      | HP: 1/40 [gnoll/+0 spear (3)]
  3298 | D:4      | Slain by a gnoll

Levels and vault maps discovered:
D:1:      lightli_arrival_boilingwater, layout_loops_corners,
          nemelex_diamond_rough_becter
D:2:      minmay_angry_zag, layout_basic, first_ration,
          okawaru_altar_gauntlet_db
D:3:      layout_loops_ring, uniq_terence
D:4:      minmay_opposing_rooms, layout_basic, zin_purify,
          gammafunk_temple_overflow_elements, cheibrodos_sewer_entry_drain,
          minmay_checkerbox, uniq_pikel

Skill      XL: |  1  2  3  4  5  6 |
---------------+-------------------+-----
Axes           | 3 4 |  4.0
Dodging        | 2 3 |  3.0
Armour         | 3 4 |  4.1
Fighting       | 4 |  4.8

Action                   |  1- 3 |  4- 6 || total
-------------------------+-------+-------++-------
Melee: Hand axe          |    97 |   237 ||   334
Invok: Berserk           |     1 |     3 ||     4
 Stab: Sleeping          |     1 |       ||     1
  Eat: Chunk             |     2 |     9 ||    11
Armor: Animal skin       |    30 |       ||    30
       Chain mail        |     9 |   147 ||   156
Dodge: Dodged            |    66 |   125 ||   191
